 Dungeon Crawl Stone Soup version 0.21.1-1-g345015f (webtiles) character file.

67 Kairos the Skirmisher (level 4, -1/24 HPs)
             Began as a Vine Stalker Fighter on June 22, 2018.
             Killed by divine providence
             ... invoked by an orc priest
              (17 damage)
             ... on level 3 of the Dungeon.
             The game lasted 00:02:48 (1857 turns).

Kairos the Skirmisher (Vine Stalker Fighter)        Turns: 1857, Time: 00:02:49

Health: -1/24      AC:  8    Str: 20    XL:     4   Next: 16%
Magic:  0/5        EV:  5    Int:  8    God:
Gold:   169        SH: 15    Dex: 13    Spells: 3/3 levels left

rFire    . . .     SeeInvis .   a - +4 war axe
rCold    . . .     Gourm    .   m - +2 large shield
rNeg     . . .     Faith    .   b - +2 scale mail
rPois    .         Spirit   +   (no helmet)
rElec    .         Reflect  .   (no cloak)
rCorr    .         Harm     +   (no gloves)
MR       .....                  (no boots)
Stlth    ..........             q - amulet of harm
HPRegen  0.48/turn              (no ring)
MPRegen  0.09/turn              (no ring)

@: no status effects
A: fangs 2, regeneration 1, magic shield, antimagic bite, no potion heal 3, rot
immunity
a: no special abilities


You were on level 3 of the Dungeon.
You were not hungry.

You visited 1 branch of the dungeon, and saw 3 of its levels.

You collected 169 gold pieces.

Inventory:

Hand Weapons
 a - a +4 war axe (weapon)
Armour
 b - a +2 scale mail (worn)
 c - a +0 shield
 m - a +2 large shield (worn)
Jewellery
 q - an amulet of harm (around neck)
Scrolls
 g - a scroll of enchant weapon
 h - 2 scrolls of identify
 j - 3 scrolls of remove curse
 l - a scroll of blinking
 o - 2 scrolls of fog
Potions
 d - a potion of might
 e - a potion of mutation {unknown}
 i - 2 potions of heal wounds {unknown}
 k - 2 potions of curing {unknown}
 p - a potion of degeneration {unknown}
Books
 n - a book of Maledictions

   Spells                             Type                      Level
   a - Corona                         Hexes                        1
   b - Ensorcelled Hibernation        Hexes/Ice                    2
   c - Confuse                        Hexes                        3
   d - Tukima's Dance                 Hexes                        3
   e - Dazzling Spray                 Conjuration/Hexes            3
Comestibles
 f - 5 rations


   Skills:
 + Level 3.1 Fighting
 + Level 2.8 Axes
 + Level 2.6 Armour
 + Level 0.2 Dodging
 + Level 3.1 Shields


You had 3 spell levels left.
You didn't know any spells.

Dungeon Overview and Level Annotations

Branches:
Dungeon (3/15)

Altars:
Fedhas
Makhleb
Xom


Innate Abilities, Weirdness & Mutations

You have extremely sharp teeth.
Your natural rate of healing is unusually fast.
When hurt, damage is shared between your health and your magic reserves.
Your bite disrupts and absorbs the magic of your enemies.
Potions cannot restore your health.
You are immune to rotting.


Message History

You struggle to resist.
An orc comes into view. It is wielding a falchion.
The orc shouts!
You hear a shout!
You block the orc priest's attack.
An orc priest comes into view. It is wielding a flail.
Your shield and scale mail prevent you from hitting the orc priest.
Your bite misses the orc priest.
The orc priest suddenly shouts.
The orc priest casts a cantrip, but nothing happens.
You slice the orc!!
You kill the orc!
Your shield prevents you from hitting the orc priest.
You block the orc priest's attack.
You slash the orc priest!
The orc priest is almost dead.
The orc priest hits you with a club.
The orc priest invokes the aid of Beogh against you.
Beogh smites you!
Ouch! That really hurt!
You die...

#.# # #.#.#.#
..##≈≈≈.#####
#.# #.#.#.# #
#≈≈≈.####
#.## #.#.#.##
#≈≈.....#
#..## #....##
#≈......#
###...#.#
##.#.#(#.##
#≈###...#
#.......#
#........≈#
####.)..#
#.#)..###
#.#..#.#.≈#
#.....#
#.##.##
#######..#≈≈#
#.....#
#.##.# ##_#
#@##≈≈#
#.....##
#.##.# 8...
#o# ≈≈#
##..)..#
#.##.# ...
#o# ≈#K
#.....##
#.##.# #o.
≈#. #.##.##
#.##.# #.#
#.##.#
#.##.### #.#
####.#
#......# #.#
#.# ####.#.#
#.# #####.###
#.#.#
#...(....


You could see 2 orc priests and an orc.

Vanquished Creatures
  A worker ant zombie (D:2)
  An ooze (D:1)
  2 worms
  3 dart slugs
  A leopard gecko (D:3)
  2 orcs (D:3)
  3 giant cockroaches
  2 goblins (D:1)
  4 hobgoblins (D:3)
  2 ball pythons
  5 bats
  3 frilled lizards
  7 kobolds
  3 rats
39 creatures vanquished.

Notes
Turn   | Place    | Note
-------+----------+-------------------------------------------
     0 | D:1      | Kairos the Vine Stalker Fighter began the quest for the Orb.
     0 | D:1      | Reached XP level 1. HP: 11/11 MP: 2/2
    95 | D:1      | Reached XP level 2. HP: 15/16 MP: 3/3
   918 | D:2      | Reached XP level 3. HP: 7/20 MP: 4/4
  1084 | D:2      | Found a burning altar of Makhleb.
  1426 | D:3      | Found a blossoming altar of Fedhas.
  1550 | D:3      | Gained mutation: Your natural rate of healing is unusually fast. [Vine Stalker growth]
  1550 | D:3      | Reached XP level 4. HP: 13/24 MP: 5/5
  1848 | D:3      | Found a shimmering altar of Xom.
  1857 | D:3      | Killed from afar by an orc priest

Skill      XL: |  1  2 |
---------------+-------+-----
Axes           | 2 |  2.8
Fighting       | 3 |  3.1
Shields        | 3 |  3.1
Armour         | |  2.6
Dodging        | |  0.2

Action                   |  1- 3 |  4- 6 || total
-------------------------+-------+-------++-------
Melee: War axe           |    66 |    10 ||    76
       Bite              |    17 |     1 ||    18
  Use: Scroll            |    12 |       ||    12
  Eat: Chunk             |     1 |     2 ||     3
Armor: Scale mail        |     5 |       ||     5
       Leather armour    |    12 |       ||    12
Dodge: Dodged            |    20 |     2 ||    22
Block: Shield            |    19 |       ||    19
       Large shield      |     6 |    10 ||    16
